 Dungeon Crawl Stone Soup version 0.29.1-2-gbd0b4ee654 (webtiles) character file.

Game seed: 6149828155686124534

84 safid the Shooter (level 4, -1/40 HPs)
             Began as a Minotaur Hunter on Oct 24, 2022.
             Slain by an orc priest
             ... wielding a +0 morningstar
              (7 damage)
             ... on level 3 of the Dungeon.
             The game lasted 00:01:45 (1617 turns).

safid the Shooter (Minotaur Hunter)                 Turns: 1617, Time: 00:01:46

Health: -1/40      AC:  6    Str: 16    XL:     4   Next: 24%
Magic:  0/3        EV: 10    Int:  6    God:
Gold:   147        SH:  0    Dex: 15    Spells: 3/3 levels left

rFire   . . .      SeeInvis .   a - +0 shortbow
rCold   . . .      Faith    .   (shield currently unavailable)
rNeg    . . .      Spirit   +   h - +0 scale mail
rPois   .          Reflect  .   (helmet restricted)
rElec   .          Harm     .   (no cloak)
rCorr   .          Rampage  .   (no gloves)
Will    .....                   (no boots)
Stlth   ..........              i - amulet of guardian spirit
HPRegen 0.13/turn               (no ring)
MPRegen 0.08/turn               (no ring)

@: no status effects
A: horns 2, retaliatory headbutt
a: no special abilities


You were on level 3 of the Dungeon.
You visited 1 branch of the dungeon, and saw 3 of its levels.

You collected 147 gold pieces.

Inventory:

Hand Weapons
 a - a +0 shortbow (weapon)
Armour
 h - a +0 scale mail (worn)
Jewellery
 i - an amulet of guardian spirit (around neck)
 j - an amulet of the acrobat
Scrolls
 b - a scroll of enchant armour {unknown}
 c - a scroll of blinking {unknown}
 d - 4 scrolls of identify {unknown}
 f - a scroll of poison {unknown}
 g - a scroll of silence {unknown}
Potions
 e - 2 potions of curing {unknown}


   Skills:
 + Level 4.2 Fighting
 + Level 5.4 Ranged Weapons
 - Level 2.1 Dodging
 - Level 0.7 Stealth


You had 3 spell levels left.
You didn't know any spells.
Your spell library was empty.

Dungeon Overview and Level Annotations

Branches:
Dungeon (3/15)

Altars:


Innate Abilities, Weirdness & Mutations

You have a pair of horns on your head.
You reflexively headbutt those who attack you in melee.


Message History

You shoot an arrow. The arrow hits the orc priest.
The orc priest is moderately wounded.
You hear a shout!
The orc priest hits you with a +0 morningstar.
The orc priest hits you with a +0 morningstar!
You shoot an arrow.
The arrow closely misses the orc priest.
The orc priest hits you with a +0 morningstar.
You shoot an arrow.
The arrow hits the orc priest but does no damage.
The orc priest is moderately wounded.
The orc priest hits you with a +0 morningstar!
You are too injured to fight recklessly!
You are too injured to fight recklessly!
You are too injured to fight recklessly!
Unknown command.
Fire: a) +0 shortbow
Press: ? - help, Q - select action Shift-Dir - straight line, f/p - orc priest
Aim: an orc priest, wielding a +0 morningstar and wearing a +0 ring mail (moderately wounded, 66% to hit)
You shoot an arrow.
The arrow closely misses the orc priest.
The orc priest mumbles some strange prayers to Beogh against you.
Pain shoots through your body!
An orc comes into view. It is wielding a +0 club.
The orc priest hits you but does no damage.
Fire: a) +0 shortbow
Press: ? - help, Q - select action Shift-Dir - straight line, f/p - orc priest
Aim: an orc priest, wielding a +0 morningstar and wearing a +0 ring mail (moderately wounded, 66% to hit)
You shoot an arrow. The arrow barely misses the orc priest.
The orc priest hits you with a +0 morningstar!
* * * LOW HITPOINT WARNING * * *
A gnoll comes into view. It is wielding a +0 whip.
Fire: a) +0 shortbow
Press: ? - help, Q - select action Shift-Dir - straight line, f/p - orc priest
Aim: an orc priest, wielding a +0 morningstar and wearing a +0 ring mail (moderately wounded, 66% to hit)
You shoot an arrow. The arrow hits the orc priest.
The orc priest is severely wounded.
The orc priest barely misses you.
The orc priest hits you with a +0 morningstar!
You die...

###.#####
...†goo.#
#@# #.#
#.# #.#
#.# #.#
#.# #>#
#.#


You could see an orc priest, a gnoll and an orc.

Vanquished Creatures
  A gnoll (D:3)
  3 adders
  A worm (D:3)
  A dart slug (D:2)
  An orc (D:3)
  A ball python (D:2)
  3 endoplasms
  3 giant cockroaches
  6 goblins
  7 hobgoblins
  A quokka (D:1)
  3 bats
  A frilled lizard (D:1)
  4 kobolds
  3 rats
39 creatures vanquished.

Notes
Turn   | Place    | Note
-------+----------+-------------------------------------------
     0 | D:1      | safid the Minotaur Hunter began the quest for the Orb.
     0 | D:1      | Reached XP level 1. HP: 18/18 MP: 0/0
    62 | D:1      | Reached XP level 2. HP: 23/25 MP: 1/1
   543 | D:1      | Found a faded altar of an unknown god.
   945 | D:2      | Reached XP level 3. HP: 31/31 MP: 2/2
   987 | D:2      | Reached skill level 5 in Ranged Weapons
  1505 | D:3      | Reached XP level 4. HP: 37/40 MP: 3/3
  1617 | D:3      | Slain by an orc priest

Illustrated notes

Levels and vault maps discovered:
D:1:      minmay_arrival_cross, layout_basic, ebering_ecumenical_altar_mist
D:2:      layout_basic, st_stairs_2, minivault_23
D:3:      layout_loops_ring, mainiacjoe_overflow_alcove_3,
          corexii_leaking_fountain

Skill      XL: |  1  2  3 |
---------------+----------+-----
Fighting       | 3 4 |  4.2
Ranged Weapons | 5 |  5.4
Dodging        | |  2.1
Stealth        | |  0.7

Action                   |  1- 3 |  4- 6 || total
-------------------------+-------+-------++-------
 Fire: Shortbow          |    92 |    19 ||   111
Armor: Scale mail        |    15 |     2 ||    17
Dodge: Dodged            |    25 |     6 ||    31
